[Event "67th Mexican-ch Open 2022"]
[Site "Chihuahua"]
[Date "2022.04.15"]
[Round "5.12"]
[White "Diaz Rosas, Julio Cesar"]
[Black "Gongora Montes, Benjamin"]
[Result "1-0"]
[ECO "C55"]
[WhiteElo "2393"]
[BlackElo "2157"]
[Annotator "TA"]
[PlyCount "71"]
[EventDate "2022.04.12"]
[EventType "swiss"]
[EventCountry "MEX"]
[SourceTitle "playchess.com"]
[Source "ChessBase"]
[SourceQuality "1"]
[TimeControl "5400+30"]

1. e4 e5 2. Nf3 Nc6 3. Bc4 Nf6 4. d3 h6 5. h3 d6 6. a4 {[%emt 0:00:00] C55: Two Knights: 4 d3, 4 d4 exd4 5 e5 and Max Lange Attack.} g6 7. a5 Bg7 {[%emt 0:00:15] [#]} 8. a6 $146 {[%emt 0:00:00] White has an edge.} ({Predecessor:} 8. Nc3 Be6 9. a6 b6 10. Nd5 Bxd5 11. exd5 Ne7 12. Bb5+ Nd7 13. g4 Rc8 14. c4 {½-½ (26) Krupenski,J (2396)-Sepp,O (2436) Viljandi 2016}) 8... bxa6 9. Bxa6 O-O 10. O-O Nh5 11. Nc3 Bxa6 12. Rxa6 Nb4 13. Ra3 c6 14. Be3 Nf4 (14... a5 $142) 15. Bxf4 $16 ({Worse is} 15. Rxa7 Rxa7 16. Bxa7 c5 $17) 15... exf4 {[%emt 0:00:08] [#]} 16. Ne2 $1 {[%emt 0:00:00] Pair of Knights!} d5 (16... Bxb2 $2 17. Rb3 $18) 17. e5 {[%emt 0:00:00] Hoping for c3.} c5 18. Nxf4 Nc6 19. Re1 Re8 20. d4 cxd4 21. Nxd4 {[%emt 0:00:00] &Bianco is more active.} (21. e6 $16) 21... Nxe5 $14 22. Rae3 Qd7 23. b3 {[%emt 0:00:00] Prevents Nc4.} a5 24. c3 Kf8 ({Black should play} 24... Re7 $14) 25. Nf3 $16 Nxf3+ 26. Qxf3 {[%emt 0:00:00] [#] Strongly threatening Nxg6+.} ({And not} 26. gxf3 Rxe3 27. Rxe3 d4 28. cxd4 Qxd4 $15) 26... Rxe3 27. Rxe3 Kg8 28. Nxd5 ({Don't take} 28. Qxd5 Qxd5 29. Nxd5 a4 30. bxa4 Rxa4 $16) 28... Rf8 (28... Re8 $16 {keeps fighting.} 29. Rxe8+ Qxe8) 29. c4 $40 {[%emt 0:00:00][%mdl 128] Black is in trouble.} Qd6 30. g3 h5 31. Kg2 Bd4 32. Rd3 Bg7 33. Qe4 {[%emt 0:00:00] Against Re8. aiming for Ne7+.} Qc5 (33... Kh7 {might work better.} 34. Re3 Qc5) 34. g4 {[%emt 0:00:00] White is clearly winning.} hxg4 35. hxg4 {[%emt 0:00:00] Threatens to win with Ne7+.} Rb8 36. Ne7+ {[%emt 0:00:00] Weighted Error Value: White=0.08 (flawless) /Black=0.25 (precise)} 1-0

[Event "67th Mexican-ch Open 2022"]
[Site "Chihuahua"]
[Date "2022.04.15"]
[Round "5.13"]
[White "Luna Javier, Edgar Froylan"]
[Black "Garcia Guerrero, Isaac Antonio"]
[Result "1/2-1/2"]
[ECO "A07"]
[WhiteElo "2148"]
[BlackElo "2338"]
[Annotator "TA"]
[PlyCount "86"]
[EventDate "2022.04.12"]
[EventType "swiss"]
[EventCountry "MEX"]
[SourceTitle "playchess.com"]
[Source "ChessBase"]
[SourceQuality "1"]
[TimeControl "5400+30"]

1. Nf3 Nf6 2. g3 d5 3. Bg2 c6 4. O-O Bf5 5. b3 h6 6. Bb2 e6 7. d3 {[%emt 0:00:56] A07: Réti Opening: New York and Capablanca Systems.} a5 8. Nbd2 Be7 9. e4 Bh7 10. Ne5 {[%emt 0:06:02] [#]} a4 $146 ({Predecessor:} 10... O-O 11. Kh1 Nbd7 12. f4 Qc7 13. Qe2 Ra6 14. g4 Ne8 15. Ndf3 Nxe5 16. Bxe5 Qd8 {1-0 (39) Matovic,M (2264)-Radovic,G (1929) Belgrade 2017}) 11. bxa4 Qb6 (11... O-O $11) 12. Rb1 $14 {[%emt 0:00:55][%cal Oe5f7] Nxf7! is the strong threat.} Qa7 13. Bc3 O-O $1 14. a5 Na6 15. Nb3 {[%emt 0:10:56] &Bianco is more active.} (15. Ng4 $14) 15... dxe4 $11 16. dxe4 Bxe4 17. Ng4 Rfd8 18. Bd4 (18. Qe2 $11 {keeps the balance.} Nxg4 19. Bxe4) 18... c5 ({Black should play} 18... Bxg2 $1 $17 19. Bxa7 Rxd1 20. Nxf6+ Bxf6 21. Rfxd1 Be4) 19. Nxf6+ Bxf6 {[%emt 0:00:30][%mdl 64] Pin} 20. Bxe4 cxd4 21. Qh5 Rac8 22. Rfd1 (22. a3 $11) 22... Nc5 (22... Nb4 $17 23. Nd2 Rc5 $1) 23. Nxc5 Qxc5 24. Qf3 Rc7 25. Bd3 Qxa5 26. Rb2 Rdd7 27. Rdb1 Qa7 28. a4 Re7 29. Qe4 {[%emt 0:00:12][%mdl 1024] Intending Qh7+ and mate. White has compensation.} g6 30. Rb4 Kg7 31. h4 Qa5 32. Rb5 Qd2 (32... Qc3 $14) 33. h5 $16 gxh5 34. Rxh5 Kf8 {[%emt 0:00:21] [#]} 35. Qf3 (35. Rhb5 $1 $16) 35... Bg7 (35... Bg5 $14) 36. Rhb5 Qc3 37. Kg2 ({Of course not} 37. Rxb7 $6 Rxb7 38. Rxb7 Rxb7 39. Qxb7 Qa1+ 40. Kg2 Qxa4 $11) 37... Qa3 (37... Qc6 $16) 38. a5 $18 ({Worse is} 38. Rxb7 Rxb7 39. Rxb7 Rxb7 40. Qxb7 Qxa4 $11) 38... Red7 39. Qe4 ({Much worse is} 39. Rxb7 $6 Rxb7 40. Rxb7 Rxb7 41. Qxb7 Qxa5 $11) 39... Bf6 40. Qf4 Bg7 41. Qe4 Bf6 $1 42. Qf4 Bg7 43. Qe4 Bf6 $1 {[%emt 0:00:24] Weighted Error Value: White=0.25 (precise) /Black=0.19 (very precise)} 1/2-1/2

[Event "67th Mexican-ch Open 2022"]
[Site "Chihuahua"]
[Date "2022.04.15"]
[Round "5.14"]
[White "Rosales Campos, Paul"]
[Black "Benitez Lozano, Javier"]
[Result "0-1"]
[ECO "A31"]
[WhiteElo "2039"]
[BlackElo "2309"]
[Annotator "TA"]
[PlyCount "134"]
[EventDate "2022.04.12"]
[EventType "swiss"]
[EventCountry "MEX"]
[SourceTitle "playchess.com"]
[Source "ChessBase"]
[SourceQuality "1"]
[TimeControl "5400+30"]

1. e4 c5 2. Nf3 e6 3. d4 cxd4 4. Nxd4 a6 5. c4 Nf6 6. Nc3 Qc7 7. Be2 b6 8. Be3 Bb7 9. f3 Be7 10. a3 d6 11. Qd2 O-O 12. Rc1 Nbd7 13. O-O Rac8 14. Rfd1 Qb8 15. Qe1 Rfe8 16. Qf2 {[%emt 0:04:50] [#]} h5 $146 {[%emt 0:09:41] A31: Symmetrical English: 2 Nf3 Nf6 3 d4.} ({Predecessor:} 16... Bd8 17. b4 Ne5 18. Nb3 Nxc4 19. Bxc4 Rxc4 20. Bxb6 Be7 21. Na5 Rcc8 22. Ba7 Qa8 23. Nxb7 Qxb7 24. Qb6 Qxb6+ 25. Bxb6 {½-½ (44) Zhapova,Y (2196)-Mijailovic,Z (2368) Belgrade 2021}) 17. Kh1 h4 18. Qxh4 {[%emt 0:11:11] [#]} ({Better is} 18. b4) 18... Nxe4 $1 $11 {[%emt 0:03:14] Black has an edge.} 19. Qh3 (19. Qh5 Nxc3) 19... Nef6 20. f4 Bf8 (20... d5 $11 {is superior.}) 21. Re1 (21. f5 $1 $14) 21... Nc5 22. b4 Nce4 23. Kg1 g6 24. Nf3 Bg7 (24... Nxc3 $11 25. Rxc3 Bxf3 26. Bxf3 b5) 25. Nxe4 $14 Bxe4 26. Ng5 b5 27. cxb5 (27. Bd4 {feels hotter.} Qb7 28. c5 dxc5 29. bxc5 Red8 30. Be5) 27... Rxc1 28. Rxc1 axb5 29. Nxe4 (29. Bd4 $11 Qb7 30. Bxb5 $1 Bxg2 31. Qd3 (31. Qxg2 Qxb5 32. Qc6 Qb8 $11)) 29... Nxe4 $15 30. Qf3 d5 31. Bc5 (31. g4 $15) 31... Nxc5 $17 {[%emt 0:01:45] &Nero is more active.} 32. bxc5 Bd4+ 33. Kh1 Rc8 34. c6 {[%emt 0:00:41] [#]} Qb6 $1 {[%emt 0:00:54] Black continues to play with concentration.} 35. Qd3 Be3 36. Re1 (36. Rf1 $17) 36... Rxc6 $19 37. Qxb5 Bxf4 38. g3 Bd2 39. Qxb6 Rxb6 {[%emt 0:00:04][%mdl 4096] Endgame KRB-KRB} 40. Rd1 Bc3 41. a4 Rb2 42. Bb5 f5 43. Rd3 d4 {[%emt 0:00:11] Strongly threatening ...e5.} 44. Bc4 Kf7 45. a5 $2 (45. Rf3 {keeps fighting.}) 45... Rb4 46. Ba6 Ra4 47. Kg2 (47. g4 $142) 47... Rxa5 48. Bc4 Kf6 49. h4 e5 50. Rd1 Ra4 51. Bd5 Rb4 52. g4 e4 {[%emt 0:00:05] White must now prevent ...e3.} 53. g5+ Ke5 54. Bf7 Rb6 (54... Rb2+ $142 55. Kg3 e3 56. Bc4 e2 57. Bxe2 Rxe2 58. Kf3 Re3+ 59. Kf2 Ke4 60. Rc1 Rh3 61. Kg2 Rxh4 62. Rc2 Rg4+ 63. Kf2 Rf4+ 64. Kg3 Be1+ 65. Kg2 d3 66. Rb2 d2 67. Rb4+ Ke3 68. Rb1 Ke2 69. Kg1 Rg4+ 70. Kh2 Kf1 71. Rb3 Rh4+ 72. Rh3 Rxh3+ 73. Kxh3 d1=Q 74. Kh2 Qh5#) 55. h5 gxh5 {[%emt 0:00:12] ...Rb2+ is the strong threat.} 56. Bxh5 Kf4 {[%emt 0:01:04] Black mates.} 57. g6 d3 58. Rc1 Bf6 59. Rc7 Kg5 60. g7 {[%emt 0:00:28] [#]} Bxg7 $1 61. Rxg7+ Kxh5 {[%emt 0:00:07] KR-KR} 62. Kf2 Rb2+ 63. Ke3 Re2+ 64. Kf4 Rf2+ 65. Ke3 Rf3+ 66. Kd2 Kh4 67. Rg8 Rg3 {[%emt 0:01:50] Weighted Error Value: White=0.75/Black=0.16 (very precise)} 0-1

[Event "67th Mexican-ch Open 2022"]
[Site "Chihuahua"]
[Date "2022.04.15"]
[Round "5.15"]
[White "Rascon Vega, Alfonso"]
[Black "Maass Garza R, Alejandro"]
[Result "1-0"]
[ECO "B40"]
[WhiteElo "2107"]
[BlackElo "2265"]
[Annotator "TA"]
[PlyCount "75"]
[EventDate "2022.04.12"]
[EventType "swiss"]
[EventCountry "MEX"]
[SourceTitle "playchess.com"]
[Source "ChessBase"]
[SourceQuality "1"]
[TimeControl "5400+30"]

1. e4 c5 2. Nf3 e6 3. c4 Nc6 4. b3 d6 5. Bb2 Nf6 6. Nc3 Be7 7. d4 cxd4 8. Nxd4 O-O 9. Be2 a6 10. O-O Qc7 11. Rc1 {[%emt 0:00:50] B40: Sicilian: 2...e6, Unusual lines.} Bd7 12. Kh1 Rac8 13. Nc2 {[%emt 0:01:43] [#] White is slightly better.} Ne8 $146 (13... Qa5 $14) ({Predecessor:} 13... Rfe8 14. f4 Bf8 15. Qd3 Qb8 16. Bf3 Rcd8 17. g4 h6 18. Rg1 Nh7 19. Ne2 b5 20. cxb5 axb5 {1-0 (46) Zakarian,D (2408)-Josse,M (2173) Daventry 2013}) 14. f4 $16 Bf6 15. Bd3 Qa5 16. Ne3 Bd4 17. Rf3 Nf6 18. c5 e5 {[%emt 0:04:32] aiming for ...exf4.} (18... Qxc5 19. Ncd5 exd5 20. Rxc5 dxc5 21. Bxd4 Nxd4 22. e5 $14) 19. Nc4 Qxc5 (19... Qd8 $1 $11 {remains equal.}) 20. Ba3 Nb4 (20... Qa7 $142) 21. fxe5 $1 dxe5 {[%emt 0:03:34] [#]} 22. Ne2 $2 (22. Rxf6 $1 $16 gxf6 23. Bxb4 (23. Nd5 Nxd3 24. Qxd3 Qxa3 $14) 23... Qxb4 24. Nd5 Rxc4 25. Nxb4 Rxb4 26. Bc4) 22... a5 (22... b5 $5 ) 23. Nxd4 Qxd4 (23... exd4 $11 24. e5 Ng4) 24. Bb2 $14 Qa7 25. Nxe5 Bg4 (25... Nxd3 $16 26. Rxc8 (26. Rxd3 Nxe4 27. Bd4 Qxd4 $15) (26. Qxd3 Rxc1+ 27. Bxc1 Qc5 $11) 26... Rxc8 27. Qxd3 b5) 26. Rxc8 $18 Rxc8 27. Bc4 $1 Bxf3 28. Qxf3 (28. Bxf7+ $18 {was the only winning move.} Kh8 29. Qxf3) 28... b5 $1 $19 29. Bxf7+ {[%emt 0:00:41] [#]} Kf8 $1 {[%emt 0:00:34] Hoping for ...Rc2.} 30. Be6 {[%emt 0:01:36] [#]} Rd8 (30... Rc2 $1 $19 31. Nd7+ Ke7 32. Bxf6+ Kxe6 33. Nf8+ Kd6) 31. h4 {[%emt 0:01:38] a3 is the strong threat.} Qe7 32. Bf5 {[%emt 0:03:30] Threatens to win with a3. This bishop pair is nice.} (32. Qf5 $2 Rd1+ 33. Kh2 Qd6 $19) 32... Qd6 {[%emt 0:01:28] Strongly threatening ...Nd3.} 33. Qf2 Qc7 (33... Kg8 $1 $15 34. Qa7 Nc6 35. Qf7+ Kh8 36. Nxc6 Qxc6) 34. Bg4 $11 Qc2 35. Qb6 $40 {[%emt 0:04:11][%csl LRa5,LRb5,LRd8][%mdl 128] Black needs to defend precisely.} (35. Qxc2 $2 Nxc2 36. Be2 Nd4 37. Bxd4 Rxd4 38. Bxb5 Rxe4 $17) 35... Qb1+ 36. Kh2 {[%emt 0:00:06] Dancing on a razor blade.} Nxg4+ $4 (36... Nc6 $11 37. Ba3+ (37. Qxc6 Nxg4+ 38. Nxg4 Qxb2 $11) (37. Qc5+ Ne7 $16) 37... b4 38. Qxc6 (38. Qc5+ Ne7 $11) 38... Nxg4+ 39. Nxg4 bxa3) 37. Nxg4 $18 Qd1 {[%emt 0:02:00] [#] White must now prevent ...Qd6+.} 38. Bxg7+ $1 {[%emt 0:00:09][%mdl 512] Weighted Error Value: White=0.39/Black=0.37} 1-0

[Event "67th Mexican-ch Open 2022"]
[Site "Chihuahua"]
[Date "2022.04.15"]
[Round "5.17"]
[White "Avila Rodriguez, Joshua Ad"]
[Black "Guerrero Cataldo, Juan Andres"]
[Result "1-0"]
[ECO "B01"]
[WhiteElo "2182"]
[BlackElo "1976"]
[Annotator "RC"]
[PlyCount "45"]
[EventDate "2022.04.12"]
[EventType "swiss"]
[EventCountry "MEX"]
[SourceTitle "playchess.com"]
[Source "ChessBase"]
[SourceQuality "1"]
[TimeControl "5400+30"]

1. e4 d5 2. exd5 Qxd5 3. Nc3 Qd6 4. d4 Nf6 5. Nf3 c6 6. Ne5 g6 7. Bf4 Qb4 8. a3 Qxb2 9. Na4 Qxa1 10. Qxa1 Nd5 11. Bd2 Bg7 12. Bd3 O-O 13. h4 Nf6 14. Qc1 h5 15. Bh6 Nbd7 16. Bxg7 Kxg7 17. Qg5 Nxe5 18. dxe5 Ng8 19. f3 Nh6 20. g4 b6 21. gxh5 Bf5 22. Bxf5 Nxf5 23. hxg6 1-0

[Event "67th Mexican-ch Open 2022"]
[Site "Chihuahua"]
[Date "2022.04.15"]
[Round "5.18"]
[White "Montes Orozco, Miguel Angel"]
[Black "Capo Vidal, Uriel"]
[Result "1-0"]
[ECO "D31"]
[WhiteElo "1914"]
[BlackElo "2306"]
[Annotator "TA"]
[PlyCount "69"]
[EventDate "2022.04.12"]
[EventType "swiss"]
[EventCountry "MEX"]
[SourceTitle "playchess.com"]
[Source "ChessBase"]
[SourceQuality "1"]
[TimeControl "5400+30"]

1. d4 d5 2. c4 e6 3. Nc3 c6 4. e4 dxe4 5. Nxe4 Bb4+ 6. Bd2 Qxd4 7. Bxb4 Qxe4+ 8. Be2 Na6 9. Ba3 {[%emt 0:03:21] D31: Queen's Gambit Declined: Semi-Slav without ...Nf6 (+ Marshall Gambit and Noteboom) and Exchange Variation lines without ...Nf6.} (9. Ba5 $11 {keeps the balance.} Bd7 10. Nf3) 9... Qxg2 $2 {[%emt 0:03:22] [#]} (9... Bd7 $17 {stays on course.}) 10. Qd6 $1 {[%emt 0:01:34][%cal Oa1d1][%mdl 512] White threatens Rd1! and mate.} c5 (10... Qxh1 11. Rd1 $1) 11. Bf3 {[%emt 0:02:58] White is better.} Qg5 {[%emt 0:00:03] [#]} 12. Bc6+ $1 $40 {[%emt 0:01:14][%mdl 128] Black is in trouble.} bxc6 13. Qxc6+ Ke7 {[%emt 0:01:12] aiming for ...Rb8.} 14. Qxa8 ({Of course not} 14. Nf3 $6 Qf4 15. Rd1 (15. Qxa8 Qc7 $11) 15... Rb8 $11) 14... Qe5+ 15. Ne2 Qc7 {[%emt 0:02:41] [#] ...Bb7 is the strong threat.} 16. Qg2 {[%emt 0:02:29] [#]} Bb7 $146 {[%emt 0:03:42] [#] This costs Black the game.} (16... Nf6 $16 {might work better.}) ({Predecessor:} 16... Nf6 17. Qg3 e5 18. O-O-O Be6 19. Nc3 Kf8 20. Rhe1 Nd7 21. Nd5 Qb7 22. Rxe5 Nxe5 23. Qxe5 h5 24. Nf4 Rh6 25. Rd8+ Ke7 26. Qf6+ Kxf6 27. Nxe6 {1-0 (27) Bolduc,S (2259)-Lesiege,A (2513) Montreal 2004}) 17. Qxg7 $1 $18 Bxh1 (17... Nf6 18. Qxh8) 18. Qxh8 Nf6 19. Rd1 Bf3 20. Rd2 Bg4 21. Qa8 Nd7 22. f3 Bf5 (22... Bh5 23. Nd4 Nab8) 23. Nd4 Bg6 24. Nc6+ Kf6 25. b3 {[%emt 0:00:10] Qh8+ would kill now.} Kg7 {[%emt 0:03:28] Inhibits Qh8+.} 26. Bb2+ Kh6 27. Qd8 Qf4 {[%emt 0:00:16] Against Qh4+} (27... Qxd8 $142 28. Nxd8 Ndb8) 28. Qxd7 ({Worse is} 28. Rxd7 Qe3+ 29. Kf1 Qxf3+ 30. Kg1 Qe3+ 31. Kf1 Qf3+ 32. Kg1 Qe3+ 33. Kf1 Qf3+ $11) 28... Qe3+ 29. Re2 Qg1+ 30. Kd2 {[%emt 0:00:14] Hoping for Bf6.} Qb1 31. Bf6 Bc2 32. Qxf7 {[%emt 0:03:12] White mates.} Qd1+ 33. Kc3 Bg6 34. Qg7+ Kh5 35. Re5+ {[%emt 0:00:43] Weighted Error Value: White=0.18 (very precise) /Black=0.87} 1-0

[Event "67th Mexican-ch Open 2022"]
[Site "Chihuahua"]
[Date "2022.04.15"]
[Round "5.19"]
[White "Flores Teillery, Alejandro Francisco "]
[Black "Blanco Fernandez, Alvaro"]
[Result "0-1"]
[ECO "A10"]
[WhiteElo "1879"]
[BlackElo "2216"]
[Annotator "TA"]
[PlyCount "127"]
[EventDate "2022.04.12"]
[EventType "swiss"]
[EventCountry "MEX"]
[SourceTitle "playchess.com"]
[Source "ChessBase"]
[SourceQuality "1"]
[TimeControl "5400+30"]

1. c4 b6 2. Nf3 Bb7 3. g3 Bxf3 4. exf3 c5 5. d4 cxd4 6. Qxd4 Nc6 7. Qd1 {[%emt 0:00:17] A10: English Opening: Unusual Replies for Black.} g6 8. Bg2 Bg7 9. O-O {[%emt 0:00:08] White has an edge.} Rc8 10. Na3 Nf6 {[%emt 0:00:48] [#]} 11. Be3 $146 ({Predecessor:} 11. Nb5 O-O 12. f4 a6 13. Na3 Ne8 14. Qe2 Nd6 15. Be3 Nf5 16. Rad1 d6 17. b3 {½-½ (40) Shen,C (2200)-Yang,K (2016) Philadelphia 2017}) 11... O-O 12. Rc1 d5 13. Qd2 d4 14. Bh6 e5 15. Bxg7 Kxg7 16. Rfe1 Re8 17. c5 Qd5 18. cxb6 axb6 19. Nc4 Rb8 20. Ne3 Qe6 21. Ng4 Nxg4 22. fxg4 Na5 23. b4 (23. b3 $14) 23... Nc4 $15 24. Qd3 (24. Qe2 $11 {remains equal.} b5 25. Be4) 24... b5 $36 {[%emt 0:00:34][%mdl 2048] Black is pushing.} 25. a4 Nb2 ({Much less strong is} 25... Qxg4 26. axb5 Nd6 27. Rc5 $14) 26. Qe2 Nxa4 27. Rc6 (27. f4 $17) 27... Nc3 28. Qf3 (28. Qd3 $17 Qxg4 29. f4) 28... Qe7 $19 29. Rc5 e4 30. Qf4 Rbd8 31. g5 Qd6 32. Qd2 Re5 33. h4 $2 (33. Rxe5 {is a better defense.} Qxe5 34. Bxe4 Nxe4 35. Qd3 Nxf2 36. Kxf2 Qxg5 37. Kg2) 33... Rxc5 34. bxc5 Qxc5 35. Bxe4 Nxe4 36. Rxe4 {[%emt 0:00:00][%mdl 4096] Endgame KQR-KQR} d3 37. Qb2+ (37. Qa5 $142 Qd5 38. Re1) 37... Kg8 {[%emt 0:00:26] Active counter play!} 38. Qf6 Qf8 $2 (38... Qd5 $19 {( -> ...d2)} 39. Re1 d2) 39. Rd4 $11 Rxd4 40. Qxd4 {[%emt 0:00:00] KQ-KQ} b4 41. Qxd3 Qb8 {[%emt 0:00:12] ...b3 is the strong threat.} 42. Qb3 Qb5 43. Qb2 (43. f3 $11) 43... Qc4 ({Black should play} 43... b3 $15) 44. h5 {[%emt 0:00:00] Black keeps a firm grip on the game.} (44. Qd2 $11) 44... Qc3 45. Qb1 (45. Qa2 $17 {was the crucial defense.} gxh5 46. Qa5) 45... gxh5 {[%emt 0:01:34] And now ...b3 would win.} 46. Qd1 (46. Qa2 $142 b3 47. Qa3) 46... b3 $19 {[%emt 0:00:21][%cal Bb4b3,Bb3b2][%mdl 32] Threatens to win with ...b2.} 47. Kh2 b2 48. Qd8+ Kg7 49. Qb6 Qd2 (49... Qe5 $142 {Strongly threatening ...h4.} 50. Qb3 h4) 50. Qf6+ Kg8 51. Qf5 Kf8 (51... Qe1 $142 52. Qc8+ Kg7 53. Qf5 b1=Q 54. Qf6+ Kf8 55. Qh8+ Ke7 56. Qf6+ Kd7 57. Qd4+ Kc6 58. Qa4+ Kc7 59. Qc4+ Kb8 60. Qf4+ Kb7 61. Qf3+ Kb6 62. Qg2 Qb2 63. Qg1 Qbxf2+ 64. Qxf2+ Qxf2+ 65. Kh1 Qxg3 66. g6 h4 67. g7 h3 68. g8=Q Qxg8 69. Kh2 Qg2#) 52. Qc5+ $1 {[%emt 0:00:00] [#]} Ke8 $1 53. Qe5+ Kd7 54. Qf5+ Kc6 55. Qc8+ Kb5 56. Qb7+ Ka4 (56... Kc5 $142 57. Kh3 Qd5 58. Qa7+ Kb5) 57. Qa7+ Kb3 {[%emt 0:01:25] Black mates.} 58. Qxf7+ Kc2 59. Qxh7+ Kc1 60. Qc7+ Qc2 61. Qf4+ Kd1 62. Qf3+ {[%emt 0:00:00] [#]} Ke1 $1 63. Qh1+ Ke2 64. Kg2 {[%emt 0:00:00] Weighted Error Value: White=1.04/Black=0.53} 0-1

[Event "67th Mexican-ch Open 2022"]
[Site "Chihuahua"]
[Date "2022.04.15"]
[Round "5.20"]
[White "Steinberg, Ellis"]
[Black "Quiroga Jaquez, Angel Ivan"]
[Result "0-1"]
[ECO "C76"]
[WhiteElo "1808"]
[BlackElo "2185"]
[Annotator "TA"]
[PlyCount "80"]
[EventDate "2022.04.12"]
[EventType "swiss"]
[EventCountry "MEX"]
[SourceTitle "playchess.com"]
[Source "ChessBase"]
[SourceQuality "1"]
[TimeControl "5400+30"]

1. e4 e5 2. Nf3 Nc6 3. Bb5 a6 4. Ba4 Nf6 5. O-O d6 6. Re1 Bd7 7. c3 g6 8. d4 b5 9. Bc2 Bg7 10. Nbd2 {[%emt 0:01:59] [#] C76: Ruy Lopez: Deferred Steinitz: 5 c3 Bd7 6 d4 g6.} h6 $146 (10... O-O $14) ({Predecessor:} 10... O-O 11. Nf1 Re8 12. Ng3 a5 13. h3 a4 14. Be3 Qc8 15. Qd2 Na5 16. b3 c5 17. d5 h5 18. Bh6 Bh8 {½-½ (52) Maghsoodloo,P (2676)-Jumabayev,R (2654) Chess.com INT 2020}) 11. d5 ({White should play} 11. dxe5 $16 Nxe5 12. Nxe5 dxe5 13. Nb3) 11... Ne7 $11 12. b3 {[%emt 0:00:32] White is slightly better.} Nh5 13. g3 O-O 14. Bb2 Bg4 15. Bd3 f5 16. Qc2 f4 {[%emt 0:06:13] Hoping for ...fxg3.} 17. Be2 fxg3 (17... c6 $5 18. c4 cxd5 19. exd5 bxc4 20. bxc4 Bf5 $15) 18. hxg3 Qd7 (18... c6 $15 19. Nh2 Bh3) 19. Qd3 (19. a4 $14) 19... Bf6 (19... Bh3 $11) 20. Nh2 (20. a4 {feels hotter.} Bh3 21. Nf1 bxa4 22. Rxa4 Rf7 23. Ne3) 20... Bxe2 21. Qxe2 Bg5 22. Ndf3 Bf6 23. Rac1 Rf7 24. Rc2 Raf8 25. Bc1 Kh7 26. Kg2 Kg7 (26... Bg7 $14) 27. Be3 Ng8 28. Rec1 Bd8 29. Ng1 ({White should try} 29. Qd3 $14) 29... Nhf6 ({Better is} 29... Ngf6 $11) 30. f3 $14 g5 31. g4 (31. Nh3 $14) 31... h5 32. Bxg5 $2 ({White has to play} 32. Nh3 $11 Nh7 33. gxh5) 32... Nxd5 (32... hxg4 $142 $1 {[%cal Og4g3] White must now prevent ...g3!} 33. Bxf6+ Nxf6 34. fxg4 (34. Qe3 $2 Kg8 $19) 34... Kh8) 33. Qd2 (33. Bd2 $17 Nf4+ 34. Bxf4 Rxf4 35. Kh1) 33... Ndf6 $1 $19 ({And not} 33... Nf4+ 34. Bxf4 Rxf4 35. Nh3 $17) 34. gxh5 Nxh5 {[%emt 0:00:10] The board is on fire.} (34... Kh8 $1 $19 35. h6 Nxe4 $1 36. fxe4 Rf2+ 37. Qxf2 Rxf2+ 38. Rxf2 Bxg5) 35. Nh3 $2 {[%emt 0:00:05][%mdl 8192] [#] This move loses the game for White.} (35. Qe3 $17) 35... Rxf3 $3 36. Nxf3 Qg4+ {[%emt 0:01:21][%mdl 64] Deflection} 37. Kh1 {[%emt 0:01:12] Threatens to win with Qg2.} Rxf3 38. Qg2 Rxh3+ 39. Kg1 {[%emt 0:00:10] [#]} Rg3 $1 40. Bxd8 (40. Qxg3 Nxg3) 40... Nf4 {[%emt 0:00:14][%mdl 64] Pin.  Weighted Error Value: White=0.99/Black=0.27 (precise)} 0-1

[Event "67th Mexican-ch Open 2022"]
[Site "Chihuahua"]
[Date "2022.04.15"]
[Round "5.21"]
[White "Pena Davalos, David"]
[Black "Palma Villanueva, Miguel Ta"]
[Result "0-1"]
[ECO "A48"]
[WhiteElo "1761"]
[BlackElo "2210"]
[Annotator "TA"]
[PlyCount "130"]
[EventDate "2022.04.12"]
[EventType "swiss"]
[EventCountry "MEX"]
[SourceTitle "playchess.com"]
[Source "ChessBase"]
[SourceQuality "1"]
[TimeControl "5400+30"]

1. d4 Nf6 2. Nf3 g6 3. Bg5 Bg7 4. Nbd2 d6 5. e4 O-O 6. Be2 Bg4 {[%emt 0:05:11] A48: 1 d4 Nf6 2 Nf3 g6: Torre, London and Colle Systems.} (6... h6 $11 7. Be3 Ng4) 7. O-O c6 8. c3 Qc7 {[%emt 0:02:10] White is slightly better.} 9. Qc2 Nbd7 10. h3 Bxf3 11. Bxf3 Rfe8 {[%emt 0:04:40] [#]} 12. Rad1 $146 ({Predecessor:} 12. Rfe1 c5 13. d5 b5 14. Be2 Rab8 15. Rac1 a6 16. a3 c4 17. Be3 Nc5 18. f3 {1-0 (44) Stadler,H (1740)-Wimmer,J (1788) Germany 2006}) 12... Rac8 13. Rfe1 b5 14. Be2 Nb6 15. Be3 a6 16. f4 Nfd7 17. Nf3 e6 18. Bd3 f5 19. Ng5 (19. exf5 $14 exf5 20. g4) 19... h6 (19... Nf6 $11) 20. Nf3 $16 Nf6 21. e5 (21. Bc1 $16) 21... Nfd5 $11 22. exd6 Qxd6 23. Ne5 Nxe3 24. Rxe3 Nd5 25. Rf3 Bxe5 26. fxe5 Qe7 27. g4 Qg5 28. Qd2 {[%emt 0:03:13] Against Ne3} Qxd2 29. Rxd2 Kf7 30. gxf5 gxf5 31. Rg2 Rg8 32. Rfg3 (32. Rxg8 $11 {remains equal.} Kxg8 33. Kf2) 32... Rxg3 $17 33. Rxg3 {[%emt 0:00:02][%mdl 4096] Endgame KRB-KRN} Nb6 ({Better is} 33... c5 $17 {White must now prevent ...cxd4.} 34. Rf3 cxd4 35. cxd4 Nb4) 34. Be2 $11 Rg8 35. Bh5+ Kf8 36. Rxg8+ Kxg8 {[%emt 0:00:02] KB-KN} 37. Be8 Na4 $1 38. Bxc6 {[%emt 0:01:31][%cal Oc3c4] [#] And now c4! would win.} Nxb2 {[%emt 0:00:06] Threatens to win with ...Nd1.} 39. Kf2 $2 {[%emt 0:01:07][%mdl 8192] White does not recover from this.} (39. Bb7 $11 {and White has nothing to worry.} Na4 40. Bxa6 Nxc3 41. Kf2) 39... Nd1+ $19 40. Kf3 Nxc3 41. a3 Kf7 {[%emt 0:03:04] Strongly threatening ...Nb1.} 42. Ke3 Ke7 43. Kd3 Nd5 44. h4 (44. Kc2 $142) 44... Kd8 45. Bb7 $2 (45. Kd2) 45... a5 46. Bc6 {[%emt 0:00:36] [#]} b4 $1 47. Kc2 bxa3 {[%emt 0:00:19] ( -> ...Nb4+)} 48. Bb5 Ne3+ 49. Kb3 a2 50. Kxa2 Nc2 51. d5 Nb4+ 52. Kb3 Nxd5 53. Bc4 Ke7 54. Bd3 Nf4 55. Bf1 Ng6 56. h5 Nxe5 {[%emt 0:00:04] Black mates.} 57. Ka4 Kd6 58. Kxa5 Kc5 59. Ka4 Kd4 60. Kb3 Ke3 61. Kc2 Nf3 62. Kd1 e5 63. Bh3 f4 64. Bf5 Nd4 65. Bg4 Kf2 {[%emt 0:00:17] Weighted Error Value: White=0.89/Black=0.21 (precise)} 0-1